 Dungeon Crawl Stone Soup version 0.29.1-2-gbd0b4ee654 (webtiles) character file.

Game seed: 1585446176591029063

4450 xian the Skirmisher (level 10, -2/74 HPs)
             Began as a Demonspawn Arcane Marksman on Nov 8, 2022.
             Was a Follower of Fedhas.
             Slain by a yak (12 damage)
             ... on level 9 of the Dungeon.
             The game lasted 00:20:30 (10053 turns).

xian the Skirmisher (Demonspawn Arcane Marksman)   Turns: 10053, Time: 00:20:31

Health: -2/74      AC:  9    Str: 13    XL:     10   Next: 15%
Magic:  12/13      EV: 12    Int: 15    God:    Fedhas [*.....]
Gold:   577        SH:  6    Dex: 20    Spells: 10/14 levels left

rFire   + . .      SeeInvis .   l - +5 longbow (flame)
rCold   + . .      Faith    .   (shield currently unavailable)
rNeg    . . .      Spirit   .   x - +1 ring mail "Ikhan" {rF+ Will+ Dex+3}
rPois   .          Reflect  .   z - +0 helmet
rElec   .          Harm     .   c - +1 cloak
rCorr   .          Rampage  .   (no gloves)
Will    +....                   (no boots)
Stlth   +.........              o - amulet of the acrobat
HPRegen 0.22/turn               a - ring of protection from cold
MPRegen 0.13/turn               B - ring of wizardry

@: no status effects
A: large bone plates 2, demonic touch 2, agile 1
a: Renounce Religion


You were on level 9 of the Dungeon.
You worshipped Fedhas.
Fedhas was aware of your devotion.
You visited 1 branch of the dungeon, and saw 9 of its levels.
You also visited: Sewer.

You collected 610 gold pieces.
You spent 33 gold pieces at shops.

Inventory:

Hand Weapons
 e - a +0 dagger
 l - a +5 longbow of flaming (weapon)
 r - a +1 trident of pain
Missiles
 d - a throwing net
 n - a curare-tipped dart
 u - 25 poisoned darts
 E - 5 silver javelins
Armour
 c - a +1 cloak (worn)
 x - the +1 ring mail "Ikhan" (worn) {rF+ Will+ Dex+3}
   (You found it on level 6 of the Dungeon)

   Dex:       It affects your dexterity (+3).
   rF:        It protects you from fire.
   Will:      It increases your willpower.
 z - a +0 helmet (worn)
Jewellery
 a - a ring of protection from cold (left hand)
 o - an amulet of the acrobat (around neck)
 B - a ring of wizardry (right hand)
Wands
 s - a wand of flame (8)
 H - a wand of acid (8)
 J - a wand of iceblast (8)
Scrolls
 b - a scroll of poison
 f - a scroll of vulnerability
 m - 2 scrolls of enchant armour
 w - a scroll of immolation
 y - 2 scrolls of teleportation
 G - a scroll of magic mapping {unknown}
 I - a scroll of fear {unknown}
Potions
 g - 3 potions of mutation
 h - 4 potions of heal wounds
 i - 2 potions of berserk rage {unknown}
 j - 3 potions of lignification {unknown}
 k - a potion of magic
 p - a potion of ambrosia
 q - 5 potions of flight
 t - 4 potions of brilliance {unknown}
 C - 4 potions of curing
 F - a potion of invisibility


   Skills:
 + Level 5.0 Fighting
 + Level 0.1 Short Blades
 + Level 0.8 Polearms
 + Level 9.4 Ranged Weapons
 + Level 2.5 Armour
 + Level 3.3 Dodging
 + Level 1.3 Stealth
 + Level 2.1 Shields
 + Level 2.5 Spellcasting
 * Level 5.8 Hexes
 * Level 4.6 Fire Magic


You had 10 spell levels left.
You knew the following spells:

 Your Spells              Type           Power      Damage    Failure   Level
a - Slow                  Hex            76%        N/A       1%          1
b - Inner Flame           Hex/Fire       17%        N/A       6%          3

Your spell library contained the following spells:

 Spells                   Type           Power      Damage    Failure   Level
 Portal Projectile        Hex/Tloc       20%        N/A       16%         3
 Cause Fear               Hex            9%         N/A       16%         4
 Apportation              Tloc           2%         N/A       17%         1
 Ignite Poison            Fire/Tmut/Pois 6%         N/A       26%         3
 Mephitic Cloud           Conj/Pois/Air  1%         N/A       45%         3
 Alistair's Intoxication  Tmut/Pois      0%         N/A       99%         5
 Freezing Cloud           Conj/Ice/Air   0%         6-21      99%         5


Dungeon Overview and Level Annotations

Branches:
Dungeon (9/15)             Temple (0/1) D:7           Sewer (visited)
   Lair: D:8-11         Orc: D:9-12

Altars:
Ashenzari
Dithmenos
Fedhas
Gozag
Hepliaklqana
Kikubaaqudgha
Makhleb
Nemelex Xobeh
Okawaru
Qazlal
Ru
Sif Muna
Yredelemnul

Shops:
D:4 *

Annotations:
D:3 3 runed translucent doors, Omegus91's ghost, amateur DrTm; leafyfresh's ghost, amateur OpEE


Innate Abilities, Weirdness & Mutations

You are mostly covered in large bone plates. (SH +6)
Your touch may inflict irresistible damage on your foes.
You are agile. (Dex +4, Str/Int -1)


Message History

The troll closely misses you. The troll attacks as you move away!
The troll completely misses you. The troll closely misses you.
The troll misses you. The troll attacks as you move away! The troll bites you.
The troll misses you. The troll completely misses you.
The yak closely misses you. You block the yak's attack.
The yak barely misses you. The yak attacks as you move away!
The yak completely misses you. The yak attacks as you move away!
The yak completely misses you.
Fire: l) +5 longbow (flame)
Press: ? - help, Q - select action, (/) - cycle Shift-Dir - straight line, f/p - troll
Aim: a troll (blue smoke, inner flame, 71% to hit)
You shoot an arrow. The arrow closely misses the yak.
The arrow completely misses the troll.
You block the yak's attack. x2; The yak gores you but does no damage.
The yak misses you.
Fire: l) +5 longbow (flame)
Press: ? - help, Q - select action, (/) - cycle Shift-Dir - straight line, f/p - troll
Aim: a troll (blue smoke, inner flame, 71% to hit)
You shoot an arrow.
The arrow hits the yak but does no damage.
The yak is lightly wounded.
You block the yak's attack. The yak gores you! You block the yak's attack.
Fire: l) +5 longbow (flame)
Press: ? - help, Q - select action, (/) - cycle Shift-Dir - straight line, f/p - troll
Aim: a troll (blue smoke, inner flame, 71% to hit)
You shoot an arrow. The arrow hits the yak!!
The arrow burns the yak!
The yak is almost dead.
The yak gores you but does no damage. x2; The yak gores you!
* * * LOW HITPOINT WARNING * * *
Fire: l) +5 longbow (flame)
Press: ? - help, Q - select action, (/) - cycle Shift-Dir - straight line, f/p - troll
Aim: a troll (blue smoke, inner flame, 71% to hit)
You shoot an arrow. The arrow hits the yak.
The arrow burns the yak.
You kill the yak!
Fedhas appreciates your contribution to the ecosystem.
The yak gores you.
* * * LOW HITPOINT WARNING * * *
The yak barely misses you. You block the yak's attack. The yak gores you!
You die...
Fedhas appreciates your contribution to the ecosystem.

########+#
##........#####
#..§§§§........
#..§§Y§.§......
#..§§§§§.......
#..§§§T§§§.....
#####YYY..##.##
#.@§§.#
....§.§........
...............
...............#
...............#
#############+##


You could see 3 yaks and a troll (inner flame).

Vanquished Creatures
  A two-headed ogre (D:8)
  A hornet (D:9)
  Sigmund (D:2)
  A wyvern (D:7)
  9 yaks
  A water moccasin (D:7)
  3 orc warriors
  A black bear (D:5)
  2 centaurs (D:6)
  3 ogres
  2 kobold brigands (Sewer)
  3 bullfrogs
  2 scorpions (D:5)
  A gnoll sergeant (D:8)
  A killer bee (D:8)
  2 howler monkeys
  3 hounds
  A jelly (D:4)
  4 orc priests
  5 iguanas
  3 orc wizards
  11 gnolls
  3 adders (D:5)
  2 shadow imps
  3 white imps
  A worm (D:4)
  3 dart slugs
  13 orcs
  3 ball pythons
  11 bats
  9 endoplasms
  11 giant cockroaches
  9 goblins
  6 hobgoblins
  16 jackals
  2 quokkas (D:3)
  2 frilled lizards (D:3)
  6 kobolds
  22 rats
183 creatures vanquished.

Notes
Turn   | Place    | Note
-------+----------+-------------------------------------------
     0 | D:1      | xian the Demonspawn Arcane Marksman began the quest for the
                  | Orb.
     0 | D:1      | Reached XP level 1. HP: 15/15 MP: 2/2
   346 | D:1      | Gained mutation: Your touch may inflict minor irresistible
                  | damage on your foes. [demonic ancestry]
   346 | D:1      | Reached XP level 2. HP: 21/21 MP: 3/3
   620 | D:1      | Reached skill level 2 in Ranged Weapons
   994 | D:1      | Gained mutation: Your touch may inflict irresistible damage
                  | on your foes. [demonic ancestry]
   994 | D:1      | Reached XP level 3. HP: 27/27 MP: 4/4
  1248 | D:1      | Found a faded altar of an unknown god.
  1711 | D:2      | Reached skill level 3 in Ranged Weapons
  1898 | D:2      | Noticed Sigmund
  1916 | D:2      | Killed Sigmund
  1917 | D:2      | Reached skill level 4 in Ranged Weapons
  1917 | D:2      | Reached XP level 4. HP: 4/33 MP: 3/5
  1917 | D:2      | Reached XP level 5. HP: 4/38 MP: 3/6
  2489 | D:3      | Identified a scroll of acquirement
  2489 | D:3      | Acquired a +2 longbow of flaming
  2700 | D:3      | Found a runed translucent gate.
  2700 | D:3      | Found a runed translucent gate.
  2700 | D:3      | Found a runed translucent gate.
  2704 | D:3      | Noticed Omegus91's ghost (amateur DrTm)
  2704 | D:3      | Noticed leafyfresh's ghost (amateur OpEE)
  2765 | D:3      | Found a glowing drain.
  2863 | Sewer    | Entered a sewer
  2979 | Sewer    | Reached skill level 5 in Ranged Weapons
  2979 | Sewer    | Gained mutation: You are partially covered in large bone
                  | plates. (SH +4) [demonic ancestry]
  2979 | Sewer    | Reached XP level 6. HP: 17/46 MP: 7/7
  3461 | D:3      | Noticed a water elemental
  3464 | D:3      | Found a stormy altar of Qazlal.
  3468 | D:3      | Noticed a fire elemental
  3468 | D:3      | Noticed an air elemental
  3884 | D:4      | Found Qyeq's General Store.
  3890 | D:4      | Bought a scroll of teleportation for 33 gold pieces
  4132 | D:4      | Reached skill level 6 in Ranged Weapons
  4132 | D:4      | Gained mutation: You are mostly covered in large bone
                  | plates. (SH +6) [demonic ancestry]
  4132 | D:4      | Reached XP level 7. HP: 52/52 MP: 8/8
  4233 | D:4      | Learned a level 3 spell: Inner Flame
  4713 | D:5      | Entered Level 5 of the Dungeon
  5646 | D:5      | Reached skill level 1 in Fire Magic
  5886 | D:6      | Reached skill level 7 in Ranged Weapons
  5886 | D:6      | Reached skill level 1 in Stealth
  5886 | D:6      | Reached XP level 8. HP: 49/58 MP: 9/9
  5987 | D:6      | Reached skill level 1 in Shields
  6457 | D:6      | Gained mutation: You are agile. (Dex +4, Str/Int -1)
                  | [potion of mutation]
  7103 | D:6      | Identified the +1 ring mail "Ikhan" {rF+ Will+ Dex+3}
  7218 | D:7      | Found a blossoming altar of Fedhas.
  7218 | D:7      | Found an ancient bone altar of Kikubaaqudgha.
  7218 | D:7      | Found an opulent altar of Gozag.
  7218 | D:7      | Found a burning altar of Makhleb.
  7218 | D:7      | Found an iron altar of Okawaru.
  7218 | D:7      | Found a shimmering blue altar of Sif Muna.
  7225 | D:7      | Became a worshipper of Fedhas Madash
  7367 | D:7      | Found a staircase to the Ecumenical Temple.
  7526 | D:7      | Reached skill level 8 in Ranged Weapons
  7750 | D:7      | Found a sparkling altar of Nemelex Xobeh.
  7977 | D:8      | Reached XP level 9. HP: 65/65 MP: 4/11
  8282 | D:8      | Noticed a two-headed ogre
  8433 | D:8      | Reached skill level 5 in Hexes
  8434 | D:8      | Reached skill level 1 in Armour
  8472 | D:8      | Killed a two-headed ogre
  8532 | D:8      | Reached * piety under Fedhas
  8725 | D:8      | Found a shadowy altar of Dithmenos.
  8728 | D:8      | Found a basalt altar of Yredelemnul.
  8875 | D:8      | Reached skill level 9 in Ranged Weapons
  8891 | D:8      | Reached XP level 10. HP: 59/73 MP: 13/13
  8971 | D:8      | Found a hazy altar of Hepliaklqana.
  9080 | D:8      | Reached skill level 5 in Fighting
  9087 | D:8      | Found a broken altar of Ashenzari.
  9431 | D:9      | Found a sacrificial altar of Ru.
 10053 | D:9      | Slain by a yak

Illustrated notes

Levels and vault maps discovered:
D:1:      psy_arrival_conway, layout_basic,
          shapermc_ecumenical_altar_mp_vishouse, solitary_fountain
D:2:      layout_rooms, amcnicky_mini_pool_small, nicolae_underground_beach,
          uniq_sigmund
D:3:      layout_loops_ring, nicolae_qazlal_style_of_elements,
          gammafunk_ghost_cemetery, gup_sewer_entry_glass, minmay_rat_hole
D:4:      layout_loops_ring, serial_shops, shop,
          minmay_fractal_squares_gapless_5
D:5:      layout_loops_corners
D:6:      layout_gridville
D:7:      layout_loops_ring, mainiacjoe_overflow_tiny_flanked,
          grunt_temple_overflow_open, minmay_temple_entry_arrows,
          grunt_ministairs_2
D:8:      layout_loops_ring, worldfamousw_hep_ancestral_shrine, minitemple,
          marbit_many_paths, skrybe_limestone_x
D:9:      layout_stronghold, nicolae_ru_awakened_eye, tso_metal_star,
          minmay_orc_entry_temple_small

Skill      XL: |  1  2  3  4  5  6  7  8  9 10 |
---------------+-------------------------------+-----
Dodging        | 2 3 |  3.3
Ranged Weapons | 2 4 5 6 7 8 9 |  9.4
Fighting       | 2 3 4 5 |  5.0
Fire Magic     | 1 3 4 |  4.6
Stealth        | 1 |  1.3
Shields        | 2 |  2.1
Hexes          | 4 5 |  5.8
Spellcasting   | 2 |  2.5
Armour         | 2 |  2.5
Short Blades   | |  0.1
Polearms       | |  0.8

Action                   |  1- 3 |  4- 6 |  7- 9 | 10-12 || total
-------------------------+-------+-------+-------+-------++-------
Melee: Mace              |     6 |       |       |       ||     6
       Dagger            |     6 |       |       |       ||     6
       Touch             |     2 |       |       |       ||     2
       Trident           |     8 |       |     2 |       ||    10
       Longbow           |       |       |    11 |       ||    11
 Fire: Sling             |   140 |     9 |       |       ||   149
       Longbow           |       |   125 |   212 |    38 ||   375
 Cast: Slow              |     7 |       |     1 |       ||     8
       Inner Flame       |       |       |    10 |     1 ||    11
  Use: Scroll            |       |     6 |     7 |     4 ||    17
       Potion            |       |       |     3 |       ||     3
Armor: Robe              |     7 |    11 |    12 |       ||    30
       Ring mail         |       |       |    15 |    11 ||    26
Dodge: Dodged            |    53 |    43 |    72 |    61 ||   229
Block: Other             |       |     7 |    33 |    21 ||    61
